 Dungeon Crawl Stone Soup version 0.16.2-12-gd0ad4c3 (webtiles) character file.

1557 faibistes the Thaumaturge (level 8, -5/41 HPs)
             Began as a Deep Elf Wizard on Mar 24, 2018.
             Was a Priest of Sif Muna.
             Engulfed by a cloud of flame (10 damage)
             ... on level 6 of the Dungeon.
             The game lasted 00:23:48 (9218 turns).

faibistes the Thaumaturge (Deep Elf Wizard)         Turns: 9218, Time: 00:23:48

Health: -5/41      AC:  5    Str:  4    XL:     8   Next: 58%
Magic:  23/27      EV: 14    Int: 26    God:    Sif Muna [***...]
Gold:   289        SH:  0    Dex: 13    Spells: 6 memorised, 10 levels left

rFire  + . .     SeeInvis .     w - +1 dagger (venom)
rCold  + . .     Clarity  .     z - +2 robe {rC+}
rNeg   . . .     SustAb   .     (no shield)
rPois  .         Gourm    .     b - +0 hat
rElec  .         Spirit   .     (no cloak)
rCorr  .         Warding  .     A - +0 pair of gloves
rMut   .         Stasis   .     (no boots)
MR     .....                    (no amulet)
Stlth  ++........               H - ring of protection from fire
                                s - ring of invisibility

@: repel missiles, not resistant to hostile enchantments, unstealthy
A: no striking features
a: Channel Energy, Forget Spell, Renounce Religion, Evoke Invisibility


You were on level 6 of the Dungeon.
You worshipped Sif Muna.
Sif Muna was most pleased with you.
You were very hungry.

You visited 2 branches of the dungeon, and saw 8 of its levels.

You collected 289 gold pieces.

Inventory:

Hand weapons
 f - a +1 dagger
 h - a +0 club
 q - a +0 dagger of venom
 w - a +1 dagger of venom (weapon)
Armour
 b - a +0 hat (worn)
 z - a +2 robe of cold resistance (worn)
 A - a +0 pair of gloves (worn)
Jewellery
 s - a ring of invisibility (left hand)
 t - an uncursed amulet of stasis
 H - a ring of protection from fire (right hand)
Magical devices
 x - a wand of fireball (3)
 y - a wand of digging (8)
 I - a wand of teleportation (0)
 L - a wand of magic darts (16)
Scrolls
 a - a scroll of magic mapping {unknown}
 i - 2 scrolls of blinking
 n - a scroll of noise
 o - 4 scrolls of teleportation
 u - a scroll of fog
 C - a scroll of amnesia
 D - a scroll of remove curse
 E - a scroll of recharging {unknown}
 G - 2 scrolls of fear
 J - a scroll of random uselessness {unknown}
 M - 2 scrolls of identify
Potions
 e - 4 potions of haste
 j - a potion of cure mutation
 k - 2 potions of heal wounds
 l - 2 potions of curing
 m - 3 potions of magic
 p - 2 potions of flight
 r - 2 potions of brilliance
 B - a potion of restore abilities
Books
 c - a book of Minor Magic

   Spells                             Type                      Level
   a - Magic Dart                     Conjuration                  1
   b - Blink                          Translocation                2
   c - Call Imp                       Summoning                    2
   d - Repel Missiles                 Charms/Air                   2
   e - Slow                           Hexes                        2
   f - Conjure Flame                  Conjuration/Fire             3
   g - Mephitic Cloud                 Conjuration/Poison/Air       3
Comestibles
 d - 3 bread rations
 g - 2 slices of pizza
 v - 2 royal jellies
 F - 5 fruits


   Skills:
 + Level 4.7 Dodging
 - Level 2.4 Stealth
 * Level 8.4 Spellcasting
 * Level 5.5 Conjurations
 - Level 4.0 Summonings
 - Level 2.3 Translocations
 * Level 3.8 Fire Magic
 * Level 3.2 Air Magic
 + Level 2.1 Poison Magic


You had 10 spell levels left.
You knew the following spells:

 Your Spells              Type           Power        Failure   Level  Hunger
a - Magic Dart            Conj           ####         1%          1    None
b - Conjure Flame         Conj/Fire      #####...     2%          3    None
c - Call Imp              Summ           ####....     1%          2    None
d - Blink                 Tloc           N/A          3%          2    None
e - Mephitic Cloud        Conj/Pois/Air  ####....     4%          3    None
f - Repel Missiles        Chrm/Air       ###...       4%          2    None


Dungeon Overview and Level Annotations

Branches:
Dungeon (7/15)             Temple (1/1) D:4

Altars:
Cheibriados
Dithmenos
Elyvilon
Fedhas
Gozag
Kikubaaqudgha
Makhleb
Nemelex Xobeh
Okawaru
Qazlal
Sif Muna
Trog
Vehumet
Xom
Yredelemnul
Zin
The Shining One


Message History

You climb downwards.
A kobold comes into view.
The orc hits you with a mace. The kobold barely misses you.
The big kobold hits you.
The orc priest mumbles some strange prayers to Beogh against you.
Something smites you!
There is a stone staircase leading up, spattered with blood here.
The kobold hits you but does no damage. The orc barely misses you.
The big kobold hits you.
You climb upwards.
There is a stone staircase leading down, spattered with blood here.
Casting: Magic Dart
Confirm with . or Enter, or press ? or * to list all spells.
You blink.
Casting: Blink
Confirm with . or Enter, or press ? or * to list all spells.
You blink.
You are engulfed in roaring flames.
You resist.
* * * LOW HITPOINT WARNING * * *
You are engulfed in roaring flames.
You resist.
You die...

.......##..# #§#
#§#######..#.#
_..._......# ##§## #§.
...#..#..
...........#########§#
###.#..##.
..♣.......$...#8# §§.#
#......##.
.........$.######
#§###.#....##.
_..._......# #§#
#§....#######.
......####.# #§#
#.####......#. ..[.###
#.####§####.#
#.####.#. .####
#....§§@....#
#.#....#.
.#########.K.§§§..####
#.#....#.
........oK[..######
#.#.#..#.
.#############
######.#.#..#. .#
#.<......#..#. .#
#.####.###.(#. .#
#.#..#...#..#. .#
#.#......>..#. .#
#.#..###......


You could see a big kobold and a kobold.

Vanquished Creatures
  Edmund (D:4)
  A sky beast (D:6)
  3 ogres
  Duvessa (D:6)
  Blork the orc (D:7)
  A water moccasin skeleton (D:5)
  A wight (D:6)
  Dowan (D:6)
  The ghost of faibistes the Magician, a weakling DEWz (D:4)
  2 jellies
  A giant frog skeleton (D:5)
  2 orc priests
  A hound (D:5)
  An iguana (D:5)
  4 orc wizards
  Natasha (thrice) (D:4)
  3 worker ants
  A hound skeleton (D:5)
  A worker ant zombie (D:5)
  Robin (D:3)
  4 gnolls
  7 adders
  A giant mite (D:1)
  3 worms
  An adder skeleton (D:5)
  6 giant geckos
  3 oozes
  27 orcs
  28 goblins
  21 hobgoblins
  2 ball pythons
  15 bats
  5 giant cockroaches
  2 giant newts (D:2)
  3 jackals (D:2)
  A jackal skeleton (D:4)
  10 kobolds
  3 quokkas
  2 quokka skeletons
  13 rats
188 creatures vanquished.

Vanquished Creatures (collateral kills)
  An orc wizard (D:4)
  2 orcs (D:4)
3 creatures vanquished.

Vanquished Creatures (others)
  A centaur (D:6)
  3 wights (D:6)
  A shadow imp (D:4)
  A goblin (D:6)
6 creatures vanquished.

Grand Total: 197 creatures vanquished

Notes
Turn   | Place    | Note
--------------------------------------------------------------
     0 | D:1      | faibistes, the Deep Elf Wizard, began the quest for the Orb.
     0 | D:1      | Reached XP level 1. HP: 10/10 MP: 6/6
   339 | D:1      | Reached XP level 2. HP: 7/15 MP: 0/10
   348 | D:1      | Learned a level 2 spell: Blink
   351 | D:1      | Learned a level 2 spell: Call Imp
   648 | D:1      | Reached skill level 5 in Spellcasting
  1019 | D:1      | Reached XP level 3. HP: 19/19 MP: 10/14
  1026 | D:1      | Learned a level 3 spell: Conjure Flame
  1030 | D:1      | Learned a level 3 spell: Mephitic Cloud
  1684 | D:2      | Reached XP level 4. HP: 3/24 MP: 3/17
  1689 | D:2      | Learned a level 2 spell: Repel Missiles
  3035 | D:3      | Reached skill level 6 in Spellcasting
  3035 | D:3      | Reached XP level 5. HP: 28/28 MP: 13/20
  3224 | D:3      | Found a deep blue altar of Sif Muna.
  3236 | D:3      | Became a worshipper of Sif Muna the Loreminder
  4005 | D:3      | Found a blossoming altar of Fedhas.
  4230 | D:4      | Noticed Natasha
  4235 | D:4      | Killed Natasha
  4235 | D:4      | Reached XP level 6. HP: 32/32 MP: 16/22
  4275 | D:5      | Entered Level 5 of the Dungeon
  4363 | D:4      | Found a staircase to the Ecumenical Temple.
  4363 | D:4      | Noticed faibistes' ghost (weakling DEWz)
  4369 | Temple   | Entered the Ecumenical Temple
  4469 | D:4      | Noticed Edmund
  4483 | D:4      | Killed Edmund
  4483 | D:4      | Reached skill level 1 in Fire Magic
  4483 | D:4      | Reached skill level 1 in Air Magic
  4564 | D:4      | Noticed Natasha
  4567 | D:4      | Killed Natasha
  4629 | D:4      | Acquired Sif Muna's first power
  4630 | D:4      | Noticed Robin
  4846 | D:3      | Reached skill level 7 in Spellcasting
  5122 | D:3      | Killed Robin
  5269 | D:4      | Noticed Natasha
  5271 | D:4      | Killed Natasha
  5501 | D:4      | Killed faibistes' ghost
  5501 | D:4      | Reached skill level 1 in Poison Magic
  5501 | D:4      | Reached XP level 7. HP: 32/36 MP: 15/25
  5557 | D:4      | Found an opulent altar of Gozag.
  5602 | D:4      | Found a bloodstained altar of Trog.
  5801 | D:4      | Noticed an ogre
  5809 | D:4      | Killed an ogre
  6434 | D:5      | Found an iron altar of Okawaru.
  7245 | D:5      | Acquired Sif Muna's second power
  7409 | D:5      | Reached XP level 8. HP: 25/41 MP: 15/27
  7574 | D:5      | Reached skill level 5 in Conjurations
  8005 | D:6      | Noticed Dowan
  8008 | D:6      | Noticed Duvessa
  8024 | D:6      | Killed Duvessa
  8098 | D:6      | Reached skill level 8 in Spellcasting
  8402 | D:6      | Found a shadowy altar of Dithmenos.
  8450 | D:7      | Noticed Blork the orc
  8458 | D:7      | Killed Blork the orc
  8790 | D:6      | Killed Dowan
  8945 | D:6      | Found an ancient bone altar of Kikubaaqudgha.
  8965 | D:6      | Found a burning altar of Makhleb.
  8966 | D:6      | Found a white marble altar of Elyvilon.
  8966 | D:6      | Found a basalt altar of Yredelemnul.
  9113 | D:7      | Noticed a cyclops
  9218 | D:6      | Engulfed by a cloud of flame

Action                   |  1- 3 |  4- 6 |  7- 9 || total
-------------------------+-------+-------+-------++-------
Melee: Unarmed           |     4 |       |       ||     4
       Dagger            |    12 |     5 |    28 ||    45
 Cast: Magic Dart        |    82 |   189 |   217 ||   488
       Mephitic Cloud    |     2 |     6 |     9 ||    17
       Blink             |     1 |     3 |     4 ||     8
       Conjure Flame     |       |     4 |     8 ||    12
       Repel Missiles    |       |     2 |     1 ||     3
       Call Imp          |       |       |     3 ||     3
  Use: Scroll            |       |    15 |     2 ||    17
 Stab: Confused          |     1 |       |     1 ||     2
       Sleeping          |     1 |       |       ||     1
  Eat: Chunk             |     2 |    12 |    10 ||    24
